 Dungeon Crawl Stone Soup version 0.30-a0-610-gb513c0a51f (webtiles) character file.

Game seed: 2213538550584012630

77644 M4edhros the Peltast (level 15, -6/141 HPs)
             Began as an Octopode Artificer on Jan 8, 2023.
             Was the Champion of Cheibriados.
             Killed from afar by an eleionoma (27 damage)
             ... with a spray of wooden splinters
             ... on level 2 of the Swamp.
             The game lasted 01:07:58 (11515 turns).

M4edhros the Peltast (Octopode Artificer)          Turns: 11515, Time: 01:07:59

Health: -6/141     AC: 27    Str: 33    XL:     15   Next: 57%
Magic:  0/20       EV:  2    Int: 29    God:    Cheibriados [******]
Gold:   1854       SH: 28    Dex: 40    Spells: 13/20 levels left

rFire   . . .      SeeInvis .    L - +2 Maxwell's thermic engine {flame, freeze}
rCold   . . .      Faith    .    R - +2 tower shield of the Hidden Vale {rElec Will+}
rNeg    . . .      Spirit   +    (helmet currently unavailable)
rPois   +          Reflect  .    j - amulet of guardian spirit
rElec   +          Harm     .    o - +6 ring of dexterity
rCorr   .          Rampage  .    D - +6 ring of strength
Will    +++..      Rage     3%   Q - ring of poison resistance
Stlth   ++++++     NoTele   +    Y - ring of willpower
HPRegen 0.43/turn                (no ring)
MPRegen 0.17/turn                (no ring)
                                 (no ring)
                                 (no ring)

@: mighty, tree-form, on berserk cooldown, very slightly contaminated, slowed,
very slow
A: stationary, stasis, torment immunity, boosted hp, almost no armour,
(amphibious), 8 rings, (camouflage 1), (gelatinous body 1), (nimble swimmer 1),
(tentacles), (tentacle spike 1), (iridescent scales 1), berserk 1, no potion
heal 1
a: Renounce Religion, Bend Time, Temporal Distortion, Slouch, Step From Time


You were on level 2 of the Swamp.
You worshipped Cheibriados.
Cheibriados was exalted by your worship.
You were a tree.
You visited 5 branches of the dungeon, and saw 25 of its levels.
You also visited: Ice Cave.

You collected 2458 gold pieces.
You spent 604 gold pieces at shops.

Inventory:

Hand Weapons
 r - a +3 sling
 y - a +4 scimitar of protection
 L - the +2 Maxwell's thermic engine (weapon) {flame, freeze}
   (You found it in an ice cave)

   It freezes those it strikes, dealing additional cold damage.
   It can also slow down cold-blooded creatures.
   It becomes more effective when it hits something.
   This effect fades over time.
Missiles
 u - 11 curare-tipped darts
 w - 33 poisoned darts (quivered)
 x - 5 throwing nets
 B - 4 atropa-tipped darts
Armour
 f - a +1 buckler
 i - a +1 kite shield of cold resistance
 K - a +0 buckler of cold resistance
 M - a +1 tower shield of cold resistance
 R - the +2 tower shield of the Hidden Vale (worn) {rElec Will+}
   (You took it off Louise on level 14 of the Dungeon)

   rElec:     It insulates you from electricity.
   Will:      It increases your willpower.
Jewellery
 j - an amulet of guardian spirit (around neck)
 o - a +6 ring of dexterity (left branch)
 p - a ring of fire
 D - a +6 ring of strength (right branch)
 E - an amulet of faith
 Q - a ring of poison resistance (on tentacle)
 Y - a ring of willpower (on tentacle)
Wands
 b - a wand of flame (16)
 c - a wand of charming (28)
 d - a wand of iceblast (3)
 v - a wand of light (2)
 A - a wand of digging (3)
 H - a wand of mindburst (9)
 I - a wand of polymorph (9)
Scrolls
 a - 3 scrolls of poison
 h - 4 scrolls of magic mapping
 k - 2 scrolls of enchant weapon
 l - 5 scrolls of fear
 q - 5 scrolls of teleportation
 s - 6 scrolls of amnesia
 t - 2 scrolls of vulnerability
 C - 2 scrolls of immolation
 T - a scroll of enchant armour
 U - 2 scrolls of brand weapon
 X - a scroll of blinking {unknown}
Potions
 e - 4 potions of curing
 g - 3 potions of mutation
 m - 2 potions of flight
 n - 3 potions of brilliance
 z - a potion of magic
 F - a potion of lignification
 G - 2 potions of might
 O - a potion of cancellation
 P - a potion of berserk rage
 S - a potion of invisibility
 V - a potion of resistance
Miscellaneous
 J - a box of beasts
 N - a lightning rod (4/4)


   Skills:
 - Level 6.1 Fighting
 - Level 10.1 Long Blades
 - Level 1.8 Ranged Weapons
 - Level 10.0 Dodging
 - Level 9.0 Stealth
 * Level 15.9 Shields
 - Level 2.7 Unarmed Combat
 - Level 3.0 Spellcasting
 - Level 5.0 Ice Magic
 + Level 13.2 Poison Magic
 - Level 7.0 Invocations
 - Level 6.1 Evocations


You had 13 spell levels left.
You knew the following spells:

 Your Spells              Type           Power      Damage    Failure   Level
a - Olgreb's Toxic Radia  Pois           69%        N/A       1%          4
b - Ozocubu's Armour      Ice            33%        N/A       10%         3

Your spell library contained the following spells:

 Spells                   Type           Power      Damage    Failure   Level
 Sting                    Tmut/Pois      100%       1d8       1%          1
 Poisonous Vapours        Pois/Air       84%        N/A       2%          2
 Spider Form              Tmut/Pois      42%        N/A       4%          3
 Ensorcelled Hibernation  Hex/Ice        36%        N/A       14%         2
 Hailstorm                Conj/Ice       18%        3d6       26%         3
 Ice Form                 Ice/Tmut       18%        N/A       65%         4
 Anguish                  Hex/Necr       2%         N/A       94%         4
 Metabolic Englaciation   Hex/Ice        9%         N/A       94%         5
 Iskenderun's Battlesphe  Conj           4%         2d6       100%        5
 Conjure Ball Lightning   Conj/Air       2%         3x3d6     100%        6
 Iron Shot                Conj/Erth      2%         9d2       100%        6
 Simulacrum               Ice/Necr       9%         N/A       100%        6
 Spellforged Servitor     Conj/Summ      2%         N/A       100%        7
 Discord                  Hex            2%         N/A       100%        8
 Disjunction              Tloc           2%         N/A       100%        8


Dungeon Overview and Level Annotations

Branches:
Dungeon (15/15)            Temple (1/1) D:4            Lair (5/5) D:11
  Swamp (2/4) Lair:3       Spider (0/4) Lair:2        Slime (0/5) Lair:5
    Orc (2/2) D:12            Elf (0/3) Orc:2         IceCv (visited)
 Vaults: D:13-14     Depths: D:15

Altars:
Ashenzari
Cheibriados
Dithmenos
Elyvilon
Fedhas
Gozag
Hepliaklqana
Makhleb
Nemelex Xobeh
Okawaru
Qazlal
Ru
Sif Muna
Trog
Uskayaw
Vehumet
Wu Jian
Xom
Yredelemnul
Zin
The Shining One
Jiyva

Shops:
D:5 (   D:6 *?:(:   Orc:2 :[*(

Annotations:
D:5 exclusion: statue
D:14 2 transporters, M4edhros's ghost, journeyman OpAr
Lair:5 1 runed translucent door, bosakos's ghost, journeyman HOFi


Innate Abilities, Weirdness & Mutations

You are a tree.
Your roots penetrate the ground, keeping you stationary.
You cannot be teleported.
You are immune to unholy pain and torment.
Your maximum health is greatly increased.
You cannot wear most types of armour.
((You are amphibious.))
You can wear up to eight rings at the same time.
((Your skin changes colour to match your surroundings (Stealth+).))
((Your rubbery body absorbs attacks. (AC +1, EV +1)))
((You are camouflaged when in or above water. (Stealth+)))
((You have tentacles for arms and can constrict up to eight enemies at once.))
((One of your tentacles bears a spike.))
((You are partially covered in iridescent scales. (AC +2)))
You sometimes lose your temper in combat.
Potions are less effective at restoring your health.


Message History

The eleionoma hurls a spray of splinters at you.
The spray of wooden splinters hits you!!
The eleionoma hits you!!
Casting: Olgreb's Toxic Radiance (mildly dangerous; 1% risk of failure)
Confirm with . or Enter, or press ? or * to list all spells.
You miscast Ozocubu's Armour.
You are very lightly contaminated with residual magic.
Nothing appears to happen.
The eleionoma hits you.
The eleionoma hurls a spray of splinters at you.
The spray of wooden splinters hits you!!!
* * * LOW HITPOINT WARNING * * *
Unknown command.
You don't have enough magic at the moment.
Okay, then.
Okay, then.
Your system partially rejects the healing.
You feel much better. The eleionoma completely misses you.
Okay, then.
Really quaff the potion of lignification?
You turn into a tree.
Your roots penetrate the ground.
You block the eleionoma's attack. The eleionoma hits you.
* * * LOW HITPOINT WARNING * * *
You slash the eleionoma! You burn the eleionoma. You freeze the eleionoma.
The eleionoma is moderately wounded.
The eleionoma hits you.
* * * LOW HITPOINT WARNING * * *
The eleionoma hurls a spray of splinters at you.
The spray of wooden splinters hits you but does no damage.
Aiming: Charm
Press: ? - help, Shift-Dir - straight line, f - eleionoma
Aim: an eleionoma (moderately wounded, chance to affect: 6%)
Okay, then.
You barely miss the eleionoma.
The eleionoma is moderately wounded.
You block the eleionoma's attack.
Okay, then.
You feel very mighty all of a sudden.
The eleionoma hurls a spray of splinters at you.
The spray of wooden splinters hits you!!
You die...

♣♣♣♣♣
♣♣♣♣♣<..♣♣♣♣♣
♣♣.♣♣~(♣.§~~.~~.♣♣
♣.~.~~.R.~~~~~~..♣
♣...~..♣.~~.~..~♣♣
.~~♣♣~~...>.~~~.♣
♣~§~.~♣.~~~.♣
♣~♣♣♣♣♣♣.~~~.♣ ♣♣
♣♣♣♣♣.~.♣♣
~♣♣♣...♣~~.♣♣
...[~~.))~~~♣
~.~~~§.....~♣
~~~~~......♣...♣


You could see an eleionoma.

Vanquished Creatures
  Louise (D:14)
  2 orc warlords (Orc:2)
  An eleionoma (Swamp:1)
  Harold (Lair:2)
  A catoblepas (D:15)
  2 hydras
  An ogre mage (D:15)
  A ghost crab (Lair:3)
  2 centaur warriors (D:14)
  3 death yaks (D:11)
  4 boulder beetles
  6 two-headed ogres
  A tengu warrior (D:15)
  An orc high priest (Orc:2)
  3 spriggans
  Sonja (Lair:2)
  A spriggan druid (Swamp:2)
  2 bog bodies (IceCv)
  A wolf spider (Lair:5)
  6 orc knights
  5 orc sorcerers
  3 manticores
  5 cyclopes
  5 ugly things
  2 will-o-the-wisps (Swamp:1)
  5 elephants (Lair:5)
  A guardian serpent (Lair:5)
  13 black mambas
  An ice statue (IceCv)
  8 cane toads
  A rime drake (Lair:2)
  An ice devil (IceCv)
  6 komodo dragons
  A tengu conjurer (D:15)
  3 kobold demonologists (D:11)
  A polar bear (Lair:2)
  6 meliai (D:15)
  6 trolls
  Grinder (D:4)
  Prince Ribbit (D:7)
  4 hornets
  7 blink frogs
  6 dream sheep (Lair:5)
  12 slime creatures
  A spectral black mamba (Lair:3)
  A shadow (D:12)
  A water elemental (D:13)
  A vampire (D:12)
  A dire elephant simulacrum (IceCv)
  65 yaks
  14 wyverns
  3 basilisks
  A steam dragon (D:7)
  4 redbacks
  5 wargs
  Edmund (D:5)
  2 death yak simulacra (IceCv)
  12 swamp worms
  20 water moccasins
  2 acid dragons
  3 hydra simulacra (IceCv)
  A spectral blink frog (Lair:3)
  18 orc warriors
  4 ice beasts
  A sky beast (D:8)
  13 ogres
  3 wolves (Lair:4)
  9 centaurs
  3 phantoms
  2 kobold brigands
  6 bullfrogs
  3 two-headed ogre simulacra (IceCv)
  A gnoll sergeant (D:8)
  3 scorpions
  3 wights (D:8)
  4 troll zombies (D:12)
  4 elephant simulacra (IceCv)
  9 killer bees
  9 electric eels
  6 howler monkeys
  3 lava snakes (Lair:5)
  A hound (D:6)
  3 jellies
  13 orc priests
  Ijyb (D:4)
  5 iguanas
  18 orc wizards
  6 hell rats (Lair:5)
  2 polar bear simulacra (IceCv)
  8 troll simulacra (IceCv)
  4 spriggan simulacra (IceCv)
  3 wolf simulacra (IceCv)
  4 ogre zombies (D:12)
  Robin (D:4)
  3 gnolls (D:4)
  7 adders
  4 naga simulacra (IceCv)
  2 river rats (D:11)
  2 shadow imps
  6 white imps
  4 ufetubi (IceCv)
  A worm (D:5)
  3 dart slugs
  36 orcs
  3 bats
  5 endoplasms
  2 giant cockroaches
  13 goblins
  6 hobgoblins
  2 jackals (D:3)
  14 kobolds
  3 quokkas
  4 ball pythons
  5 frilled lizards
  A goblin skeleton (D:12)
  3 goblin zombies (D:12)
  A hobgoblin skeleton (D:12)
  2 hobgoblin zombies (D:12)
  18 orc zombies (D:12)
  14 rats
  A plant (Lair:3)
621 creatures vanquished.

Vanquished Creatures (collateral kills)
  A gargoyle (D:11)
  A komodo dragon (D:8)
  2 slime creatures (D:12)
  A shadow (D:11)
  3 orc warriors (Orc:2)
  A phantom (D:6)
  A kobold brigand (D:6)
  An orc wizard (D:8)
  2 adders (D:6)
  A white imp (D:8)
  2 orcs (Orc:2)
  A bat (D:3)
17 creatures vanquished.

Vanquished Creatures (others)
  An orc warrior (Orc:2)
  A centaur (D:8)
  An orc wizard (D:4)
  3 hell rats (D:11)
  An adder (D:3)
  4 foxfires (Swamp:1)
  31 fungi
  58 plants
100 creatures vanquished.

Grand Total: 738 creatures vanquished

Notes
Turn   | Place    | Note
-------+----------+-------------------------------------------
     0 | D:1      | M4edhros the Octopode Artificer began the quest for the
                  | Orb.
     0 | D:1      | Reached XP level 1. HP: 13/13 MP: 1/1
   123 | D:1      | Reached XP level 2. HP: 15/18 MP: 2/2
   150 | D:2      | Reached skill level 1 in Unarmed Combat
   192 | D:3      | Reached XP level 3. HP: 23/23 MP: 3/3
   221 | D:3      | Found a blossoming altar of Fedhas.
   221 | D:3      | Found a glowing golden altar of the Shining One.
   288 | D:3      | Reached skill level 1 in Shields
   288 | D:3      | Reached XP level 4. HP: 28/28 MP: 4/4
   455 | D:4      | Found an ornate altar of the Wu Jian Council.
   475 | D:4      | Found a bloodstained altar of Trog.
   476 | D:4      | Noticed Robin
   499 | D:4      | Killed Robin
   627 | D:4      | Found a staircase to the Ecumenical Temple.
   633 | Temple   | Entered the Ecumenical Temple
   832 | D:4      | Reached XP level 5. HP: 29/34 MP: 3/5
   931 | D:3      | Reached skill level 2 in Shields
  1002 | D:2      | Noticed an ogre
  1007 | D:2      | Killed an ogre
  1008 | D:2      | Reached XP level 6. HP: 39/39 MP: 6/6
  1884 | D:3      | Found a glowing silver altar of Zin.
  1910 | D:3      | Found a shimmering blue altar of Sif Muna.
  2086 | D:4      | Noticed Ijyb
  2094 | D:4      | Killed Ijyb
  2175 | D:4      | Noticed Grinder
  2184 | D:4      | Killed Grinder
  2185 | D:4      | Reached skill level 1 in Ranged Weapons
  2185 | D:4      | Reached skill level 3 in Shields
  2185 | D:4      | Reached XP level 7. HP: 45/45 MP: 7/7
  2240 | D:4      | Found a snail-covered altar of Cheibriados.
  2248 | D:4      | Became a worshipper of Cheibriados the Contemplative
  2375 | D:5      | Entered Level 5 of the Dungeon
  2410 | D:5      | Found Jywebeu's Weapon Boutique.
  2419 | D:5      | Bought a +1 scimitar of protection for 118 gold pieces
  2468 | D:5      | Found a radiant altar of Vehumet.
  2491 | D:5      | Gained mutation: You sometimes lose your temper in combat.
                  | [potion of mutation]
  2491 | D:5      | Gained mutation: You are partially covered in iridescent
                  | scales. (AC +2) [potion of mutation]
  2491 | D:5      | Gained mutation: Potions are less effective at restoring
                  | your health. [potion of mutation]
  2491 | D:5      | Gained mutation: One of your tentacles bears a spike.
                  | [potion of mutation]
  2631 | D:6      | Reached skill level 1 in Long Blades
  2639 | D:6      | Found Qyid's Book Shop.
  2685 | D:5      | Reached skill level 4 in Shields
  2702 | D:5      | Noticed Edmund
  2712 | D:5      | Killed Edmund
  2713 | D:5      | Reached XP level 8. HP: 52/52 MP: 6/8
  2728 | D:5      | Identified the +1 robe of Hoafuddess {MP+9 Dex+3}
  2759 | D:5      | Reached skill level 5 in Stealth
  2763 | D:5      | Reached * piety under Cheibriados
  2764 | D:5      | Reached skill level 5 in Evocations
  2834 | D:5      | You fall into a shaft and drop 1 floor!
  2849 | D:6      | Noticed a two-headed ogre
  2863 | D:6      | Reached skill level 5 in Shields
  2868 | D:6      | Killed a two-headed ogre
  2869 | D:6      | Reached XP level 9. HP: 4/58 MP: 1/9
  3046 | D:6      | Found Soarusuj's General Store.
  3054 | D:6      | Bought a scroll of poison for 56 gold pieces
  3054 | D:6      | Bought a scroll of fear for 56 gold pieces
  3108 | D:6      | Found Emishrakk's Magic Scroll Shoppe.
  3117 | D:6      | Found Daethria's Book Shoppe.
  3151 | D:6      | Found Pyquapob's Weapon Shoppe.
  3265 | D:7      | Noticed Prince Ribbit
  3274 | D:7      | Killed Prince Ribbit
  3349 | D:7      | Reached skill level 6 in Shields
  3374 | D:7      | Reached ** piety under Cheibriados
  3447 | D:7      | Learned a level 4 spell: Olgreb's Toxic Radiance
  3509 | D:7      | Reached skill level 5 in Long Blades
  3516 | D:7      | Reached skill level 5 in Dodging
  3516 | D:7      | Reached skill level 1 in Poison Magic
  3926 | D:8      | Noticed a komodo dragon
  3929 | D:8      | Reached XP level 10. HP: 59/65 MP: 8/10
  3984 | D:8      | Reached skill level 5 in Fighting
  4059 | D:8      | Reached *** piety under Cheibriados
  4415 | D:9      | Reached skill level 5 in Poison Magic
  4432 | D:9      | Reached XP level 11. HP: 72/72 MP: 3/11
  4488 | D:10     | Entered Level 10 of the Dungeon
  4547 | D:10     | Found a broken altar of Ashenzari.
  4610 | D:11     | Reached **** piety under Cheibriados
  4626 | D:11     | Noticed a manticore
  4639 | D:11     | Killed a manticore
  4640 | D:11     | Reached skill level 1 in Invocations
  4693 | D:11     | Found a staircase to the Lair.
  4696 | D:11     | Noticed a death yak
  4789 | D:11     | Reached ***** piety under Cheibriados
  5194 | D:6      | Bought a book of Winter for 374 gold pieces
  5198 | D:6      | Learned a level 3 spell: Ozocubu's Armour
  5413 | D:10     | Noticed a boulder beetle
  5419 | D:10     | Killed a boulder beetle
  5588 | D:12     | Found a frozen archway.
  5596 | IceCv    | Entered an ice cave
  5790 | IceCv    | Reached skill level 1 in Spellcasting
  5853 | IceCv    | Reached skill level 1 in Ice Magic
  6065 | IceCv    | Noticed a bog body
  6075 | IceCv    | Reached XP level 12. HP: 79/79 MP: 12/15
  6111 | IceCv    | Found the +2 Maxwell's thermic engine {flame, freeze}
  6372 | D:12     | Reached skill level 7 in Shields
  6473 | D:12     | Reached ****** piety under Cheibriados
  6505 | D:12     | Found a staircase to the Orcish Mines.
  6573 | D:11     | Noticed a death yak
  6587 | D:11     | Killed a death yak
  6588 | D:11     | Reached skill level 5 in Invocations
  6590 | D:11     | Noticed a death yak
  6592 | D:11     | Killed a death yak
  6597 | D:11     | Killed a death yak
  6763 | D:12     | Reached skill level 8 in Shields
  7054 | D:13     | Noticed a boulder beetle
  7059 | D:13     | Killed a boulder beetle
  7131 | D:13     | Reached XP level 13. HP: 83/83 MP: 17/17
  7198 | D:13     | Reached skill level 9 in Shields
  7223 | D:14     | Noticed a great orb of eyes
  7224 | D:14     | Identified the +2 tower shield of the Hidden Vale {rElec
                  | Will+}
  7224 | D:14     | Noticed Louise
  7233 | D:14     | Killed Louise
  7296 | D:14     | Found a transporter.
  7297 | D:14     | Noticed a cyan very ugly thing
  7331 | D:14     | Noticed a great orb of eyes
  7435 | D:14     | Noticed M4edhros's ghost (journeyman OpAr)
  7446 | D:14     | Found a transporter.
  7455 | D:14     | Noticed a Hell Sentinel
  7455 | D:14     | You fall into a shaft and drop 1 floor!
  7455 | D:15     | Entered Level 15 of the Dungeon
  7766 | D:15     | Reached skill level 5 in Ice Magic
  7776 | D:15     | Reached skill level 10 in Long Blades
  7779 | D:15     | Reached skill level 10 in Shields
  7783 | D:15     | Paralysed by something for 3 turns
  7790 | D:15     | Reached skill level 10 in Dodging
  8302 | Orc:1    | Entered Level 1 of the Orcish Mines
  8372 | Orc:1    | Reached skill level 11 in Shields
  8419 | Orc:2    | Entered Level 2 of the Orcish Mines
  8583 | Orc:2    | Reached XP level 14. HP: 90/90 MP: 19/19
  8627 | Orc:2    | Noticed an orc warlord
  8630 | Orc:2    | Reached skill level 12 in Shields
  8881 | Orc:2    | Noticed an orc warlord
  8888 | Orc:2    | Reached skill level 10 in Poison Magic
  8961 | Orc:2    | Killed an orc warlord
  9135 | Orc:2    | Found Seforu Nenif's Antique Armour Boutique.
  9151 | Orc:2    | Found Nolegiem's Antique Weapon Boutique.
  9167 | Orc:2    | Found Wiecw's General Store.
  9184 | Orc:2    | Found Erhuyjeq's Book Boutique.
  9238 | Orc:2    | Found a staircase to the Elven Halls.
  9390 | Lair:1   | Entered Level 1 of the Lair of Beasts
  9431 | Lair:2   | Noticed Harold
  9437 | Lair:2   | Killed Harold
  9544 | Lair:2   | Noticed Sonja
  9551 | Lair:2   | Reached skill level 13 in Shields
  9555 | Lair:2   | Killed Sonja
  9764 | Lair:2   | Found a hole to the Spider Nest.
 10133 | Lair:4   | Reached skill level 14 in Shields
 10173 | Lair:5   | Entered Level 5 of the Lair of Beasts
 10192 | Lair:5   | Found a viscous altar of Jiyva.
 10193 | Lair:5   | Found a staircase to the Slime Pits.
 10430 | Lair:5   | Reached XP level 15. HP: 80/94 MP: 2/20
 10582 | Lair:5   | Reached skill level 15 in Shields
 10853 | Lair:5   | Found a runed translucent door.
 10853 | Lair:5   | Noticed bosakos's ghost (journeyman HOFi)
 11235 | Lair:3   | Found a staircase to the Swamp.
 11247 | Swamp:1  | Entered Level 1 of the Swamp
 11515 | Swamp:2  | Killed from afar by an eleionoma

Illustrated notes

Levels and vault maps discovered:
D:1:      reono_arrival_forest_river, layout_basic
D:2:      layout_basic, serial_bayou, serial_bayou_pond_b, serial_bayou_pond_c,
          serial_bayou_lagoon_a, serial_bayou_pond_c, hangedman_decor_riveting,
          minivault_27, serial_park_tiny_pond
D:3:      layout_rooms, minitemple, mainiacjoe_overflow_divided_tiny
D:4:      layout_cave_pools, kennysheep_mini, nicolae_overflow_crystal_walls,
          mainiacjoe_overflow_surrounded_room, minmay_temple_entry_tees,
          uniq_ijyb, uniq_robin, uniq_grinder
D:5:      layout_basic, vehumet_statue, serial_shops, nicolae_shop_trees,
          uniq_edmund
D:6:      layout_basic, serial_shops, shop_statue, shop, nicolae_stop_n_shop_1,
          kennysheep_mini_moat, shop, minmay_starry_boxes
D:7:      lemuel_ice_spiral_2, layout_basic, minmay_hollow_rounded_squares,
          uniq_prince_ribbit1
D:8:      layout_basic, serial_shops, kennysheep_little_box, minmay_circle_x
D:9:      nicolae_cairo_tiling_large_dashed, layout_small_grid,
          kennysheep_vampire_church, uniq_erolcha
D:10:     layout_basic, mainiacjoe_overflow_alcove_4, minmay_pinched_square
D:11:     layout_cave_pools, dpeg_lair_monsters
D:12:     layout_roguey, zombieorc2_lemuel, portal_ice_cave_entry_pillars_1
D:13:     layout_basic, david_vaults_4, chequers_serial_rivers_large_a,
          minivault_14, grunt_ministairs_5
D:14:     layout_roguey, gammafunk_ghost_abyssal_escape, kennysheep_path_1,
          uniq_louise
D:15:     hangedman_depths_entry_try_elsewhere_first, layout_layer_cave,
          hangedman_abyss_or_decor_clamps
Temple:   hellmonk_temple_flake
Lair:1:   layout_loops_ring, nicolae_lair_grazing_beasts
          [nicolae_sub_lair_graze_edge, nicolae_sub_lair_graze_edge,
          nicolae_sub_lair_graze_edge, nicolae_sub_lair_graze_edge]
Lair:2:   layout_loops_ring, spider_nest_entry_a, serial_forest,
          infiniplex_forest_lined_corner, infiniplex_forest_lined_3,
          infiniplex_forest_pool, infiniplex_forest_lined_room_2,
          chequers_serial_rivers_marsh, st_stairs_5, uniq_harold, uniq_sonja
Lair:3:   layout_chaotic_city, nicolae_swamp_entry_spooky, minivault_19,
          worms_lemuel, infiniplex_staircase_pool, grunt_megastairs_3,
          serial_bayou_shore_a, lemuel_fruit_tree
Lair:4:   layout_long_grid
Lair:5:   hangedman_lair_tendril_chambers, layout_cave_pods, slime_entry_1,
          gammafunk_ghost_grave, nicolae_lair_liquid_snakes
Swamp:1:  layout_basic_swamp, evilmike_swamp_ruin_house_1
Swamp:2:  layout_basic_swamp, nicolae_swamp_round_clearing
Orc:1:    layout_caves
Orc:2:    grunt_orc_cross, layout_diamond_mine, lightli_volcano_entry_magma_tube

Skill      XL: |  1  2  3  4  5  6  7  8  9 10 11 12 13 14 15 |
---------------+----------------------------------------------+-----
Unarmed Combat | 1 2 |  2.7
Stealth        | 2 3 4 5 7 8 9 |  9.0
Shields        | 1 2 3 4 5 6 8 11 14 15 | 15.9
Fighting       | 2 3 4 5 6 |  6.1
Dodging        | 3 4 5 7 8 9 10 | 10.0
Evocations     | 4 5 6 |  6.1
Ranged Weapons | 1 |  1.8
Long Blades    | 2 3 5 7 8 9 10 | 10.1
Poison Magic   | 2 5 7 8 9 11 13 | 13.2
Invocations    | 4 6 7 |  7.0
Spellcasting   | 1 3 |  3.0
Ice Magic      | 1 4 5 |  5.0

Action                   |  1- 3 |  4- 6 |  7- 9 | 10-12 | 13-15 || total
-------------------------+-------+-------+-------+-------+-------++-------
Melee: Unarmed           |    49 |    88 |     2 |       |       ||   139
       Constrict         |    12 |    33 |    26 |    38 |    75 ||   184
       Tentacles         |     9 |    23 |    34 |    86 |   103 ||   255
       Punch             |     1 |     6 |     1 |     8 |     9 ||    25
       Scimitar          |       |       |   123 |   218 |       ||   341
       Kick              |       |       |    46 |   130 |   154 ||   330
       Double sword      |       |       |       |   124 |   397 ||   521
 Fire: Sling             |       |    41 |     7 |       |       ||    48
Throw: Dart              |       |       |       |    15 |    16 ||    31
 Cast: Olgreb's Toxic Ra |       |       |       |    14 |    66 ||    80
       Ozocubu's Armour  |       |       |       |    17 |    11 ||    28
Invok: Slouch            |       |       |       |       |     5 ||     5
       Step From Time    |       |       |       |       |     1 ||     1
Evoke: Wand              |     3 |    14 |     2 |    20 |    25 ||    64
  Use: Potion            |       |     1 |     7 |     4 |    11 ||    23
       Scroll            |       |       |     7 |    10 |     8 ||    25
 Stab: Sleeping          |     5 |     6 |     9 |     9 |    11 ||    40
       Distracted        |       |       |     1 |       |       ||     1
       Betrayed ally     |       |       |       |     1 |       ||     1
Armor: Skin              |     6 |     8 |    21 |    34 |    20 ||    89
Dodge: Dodged            |    43 |    34 |    78 |   243 |   194 ||   592
Block: Buckler           |     2 |    22 |    34 |    87 |       ||   145
       Kite shield       |       |       |       |    96 |    28 ||   124
       Tower shield      |       |       |       |       |   425 ||   425

Table legend: (Time is in decaauts)
 A = Elapsed time spent in this place.
 B = Non-inter-level travel time spent in this place.
 C = Inter-level travel time spent in this place.
 D = Time resting spent in this place.
 E = Time spent auto-exploring this place.
 F = Levels seen in this place.
 G = Mean time per level.
                   A        B        C        D        E       F      G
               +--------+--------+--------+--------+--------+-----+--------+
         Total |  17876 |  15329 |   2547 |    146 |   1846 |  26 |  687.5 |
       Dungeon |  10665 |   8941 |   1724 |    118 |   1663 |  15 |  711.0 |
        Temple |    185 |    175 |     10 |      0 |    161 |   1 |  185.0 |
          Lair |   3439 |   2932 |    507 |      0 |      6 |   5 |  687.8 |
         Swamp |    458 |    398 |     60 |      0 |      0 |   2 |  229.0 |
  Orcish Mines |   1965 |   1719 |    246 |     10 |      0 |   2 |  982.5 |
      Ice Cave |   1162 |   1162 |      0 |     18 |     16 |   1 | 1162.0 |
               +--------+--------+--------+--------+--------+-----+--------+

Top non-repeatable levels by time:
   Orc:2: 1454 daAuts
  Lair:5: 1438 daAuts
   IceCv: 1162 daAuts
    D:12: 1139 daAuts
    D:15: 1017 daAuts
     D:6: 907 daAuts
    D:14: 791 daAuts
  Lair:2: 767 daAuts
    D:11: 758 daAuts
    D:10: 733 daAuts
     D:7: 723 daAuts
  Lair:3: 695 daAuts
     D:4: 687 daAuts
     D:9: 645 daAuts
     D:8: 640 daAuts
